 Dungeon Crawl Stone Soup version 0.30-a0-918-g0ff054e9dc (webtiles) character file.

Game seed: 4363270846163345474

35789 Dirian the Fencer (level 13, 0/122 HPs)
             Began as a Minotaur Fighter on Mar 20, 2023.
             Was a Priest of Okawaru.
             Shot with an arrow by Nessos (16 damage)
             ... on level 4 of the Lair of Beasts.
             The game lasted 00:54:03 (18566 turns).

Dirian the Fencer (Minotaur Fighter)               Turns: 18566, Time: 00:54:03

Health: 0/122      AC: 27    Str: 23    XL:     13   Next: 49%
Magic:  17/18      EV: 10    Int:  5    God:    Okawaru [***...]
Gold:   1559       SH:  8    Dex: 15    Spells: 12/12 levels left

rFire   + . .      SeeInvis .    a - +2 scimitar (protect)
rCold   . . .      Faith    .    c - +0 buckler
rNeg    . . .      Spirit   .    A - +2 plate armour {Will+}
rPois   .          Reflect  .    (helmet restricted)
rElec   .          Rampage  .    M - +1 cloak
rCorr   .                        C - +0 pair of gloves
Will    ++...                    u - +0 pair of boots Stlth
                                 (no amulet)
HPRegen 0.40/turn                v - ring of willpower
MPRegen 0.16/turn                H - ring of protection from fire

@: heroic, marked
A: horns 2, retaliatory headbutt, thin skeletal structure 1
a: Renounce Religion, Heroism


You were on level 4 of the Lair of Beasts.
You worshipped Okawaru.
Okawaru was most pleased with you.
You visited 4 branches of the dungeon, and saw 17 of its levels.
You also visited: Sewer.

You collected 1825 gold pieces.
You spent 266 gold pieces at shops.

Inventory:

Hand Weapons
 a - a +2 scimitar of protection (weapon)
 b - a +2 falchion of flaming
 N - a +0 double sword of holy wrath
Missiles
 e - a throwing net
 f - 7 silver boomerangs
 j - 23 boomerangs (quivered)
Armour
 c - a +0 buckler (worn)
 u - a +0 pair of boots (worn)
 A - a +2 plate armour of willpower (worn)
 C - a +0 pair of gloves (worn)
 M - a +1 cloak (worn)
Jewellery
 v - a ring of willpower (left hand)
 H - a ring of protection from fire (right hand)
 I - a ring of protection from cold
Wands
 p - a wand of flame (11)
 B - a wand of acid (31)
 K - a wand of paralysis (10)
 L - a wand of iceblast (2)
Scrolls
 d - 2 scrolls of poison
 k - 4 scrolls of immolation
 l - 2 scrolls of fear
 r - 2 scrolls of identify
 t - a scroll of teleportation
 x - 2 scrolls of silence
 y - 3 scrolls of enchant armour
 z - 2 scrolls of blinking
 D - a scroll of enchant weapon
 E - a scroll of magic mapping
Potions
 g - 4 potions of flight
 h - 3 potions of haste
 i - 3 potions of cancellation
 m - a potion of ambrosia
 n - a potion of resistance
 o - a potion of mutation
 q - 3 potions of curing
 s - 2 potions of lignification
 w - 3 potions of heal wounds
 F - 2 potions of magic
 O - 2 potions of attraction


   Skills:
 + Level 13.5(18.5) Fighting
 - Level 15.0(20.0) Long Blades
 + Level 1.7(6.7) Throwing
 + Level 14.0(19.0) Armour
 + Level 10.5(15.5) Shields
 * Level 9.0 Invocations


You had 12 spell levels left.
You didn't know any spells.
Your spell library contained the following spells:

 Spells                   Type           Power      Damage    Failure   Level
 Magic Dart               Conj           0%         1d3       98%         1
 Sting                    Tmut/Pois      0%         1d3       98%         1
 Lesser Beckoning         Tloc           0%         N/A       99%         2
 Poisonous Vapours        Pois/Air       0%         N/A       99%         2
 Gell's Gravitas          Tloc           0%         N/A       100%        3
 Hailstorm                Conj/Ice       0%         3d3       100%        3
 Mephitic Cloud           Conj/Pois/Air  0%         N/A       100%        3
 Portal Projectile        Hex/Tloc       0%         N/A       100%        3
 Teleport Other           Tloc           0%         N/A       100%        3
 Olgreb's Toxic Radiance  Pois           0%         N/A       100%        4
 Passage of Golubria      Tloc           0%         N/A       100%        4
 Blade Hands              Tmut           0%         N/A       100%        5
 Yara's Violent Unravell  Hex/Tmut       0%         3d3       100%        5
 Conjure Ball Lightning   Conj/Air       0%         3x3d6     100%        6
 Orb of Destruction       Conj           0%         9d5       100%        7
 Discord                  Hex            0%         N/A       100%        8
 Disjunction              Tloc           0%         N/A       100%        8
 Summon Small Mammal      Summ           Unusable   N/A       N/A         1
 Call Imp                 Summ           Unusable   N/A       N/A         2
 Tukima's Dance           Hex            Unusable   N/A       N/A         3
 Summon Ice Beast         Ice/Summ       Unusable   N/A       N/A         4
 Summon Lightning Spire   Summ/Air       Unusable   N/A       N/A         4
 Summon Forest            Summ/Tloc      Unusable   N/A       N/A         5
 Summon Mana Viper        Hex/Summ       Unusable   N/A       N/A         5
 Monstrous Menagerie      Summ           Unusable   N/A       N/A         7

Dungeon Overview and Level Annotations

Branches:
Dungeon (10/15) Zot: 25338  Temple (1/1) D:7 Zot: 5815    Lair (4/5) D:10 Zot: 19988
 Shoals (0/4) Lair:3       Spider (0/4) Lair:2          Orc (2/2) D:10 Zot: 8787
    Elf (0/3) Orc:2         Sewer (visited)
  Slime: Lair:4-5

Altars:
Ashenzari
Cheibriados
Dithmenos
Elyvilon
Fedhas
Gozag
Hepliaklqana
Kikubaaqudgha
Makhleb
Nemelex Xobeh
Okawaru
Qazlal
Ru
Sif Muna
Trog
Uskayaw
Vehumet
Wu Jian
Xom
Yredelemnul
Zin
The Shining One

Shops:
Orc:2 [(*

Annotations:
D:4 need dig
D:9 exclusion: obsidian statue
Lair:2 3 runed translucent doors, Resasar's ghost, journeyman NaTm
Lair:4 Nessos


Innate Abilities, Weirdness & Mutations

You have a pair of horns on your head.
You reflexively headbutt those who attack you in melee.
You have a somewhat thin skeletal structure. (Dex +2, Stealth+)


Message History

You can no longer speed up your combat.
You feel very sick.
Nessos gestures wildly while chanting.
Nessos seems to speed up.
Nessos shoots an arrow.
The arrow hits you! The arrow burns you.
You are more poisoned.
You feel extremely sick.
Nessos shoots an arrow.
The arrow hits you but does no damage.
Nessos shoots an arrow.
The arrow hits you. The arrow burns you.
You are more poisoned.
Blink to where?
Press: ? - help, Dir - move target
As you read the scroll of blinking, it crumbles to dust.
You feel extremely sick.
You feel extremely sick.
You feel very sick. Nessos says, "Study your classics!"
Nessos shoots an arrow.
You block the arrow.
You feel very sick.
Nessos mumbles some strange words.
Nessos blinks!
Nessos stands on their hind legs for a moment.
Nessos shoots an arrow.
The arrow hits you! The arrow burns you.
You are more poisoned.
* * * LOW HITPOINT WARNING * * *
You feel extremely sick.
Nessos shoots an arrow.
You block the arrow.
Nessos stands on their hind legs for a moment.
* * * LOW HITPOINT WARNING * * *
You feel extremely sick.
Nessos shoots an arrow.
The arrow hits you!
* * * LOW HITPOINT WARNING * * *
The arrow burns you.
You are more poisoned.
* * * LOW HITPOINT WARNING * * *
Nessos shoots an arrow.
You block the arrow.
There is an escape hatch in the ceiling, spattered with blood here.
Okay, then.
You feel better.
Nessos shoots an arrow.
The arrow hits you!
You die...

...# #......#...###........... ##
...###<......+...#......#..... +
...........###..+.......#..... #
.....#.....###..##...............
#..##.......#######....##.)......
##.###......#### .....##.#.##.##
#..#.#.....P##.####.....#..####..
.................................
................@......[.........
..........>..................<...
.................................
..........c........>.............
.#..........##..##.......#####...
####..##...###..##.......# #..
#....###..[.#...##.......######..
#c....##...##...##......##...##..
P..........##....#......###..###.


You could see Nessos (fast).

Vanquished Creatures
  2 orc warlords
  A stone giant (Orc:2)
  3 ettins
  A hydra (Lair:3)
  A two-headed ogre (Orc:1)
  An orc high priest (Orc:1)
  A skyshark (Lair:2)
  An orc sorcerer (Orc:2)
  9 cyclopes
  Maurice (Orc:1)
  4 cane toads
  2 torpor snails (Lair:2)
  A gargoyle (D:10)
  A rime drake (D:10)
  3 komodo dragons
  5 trolls
  3 polar bears
  5 blink frogs (Lair:3)
  15 dream sheep
  Sigmund (D:5)
  2 shadows
  A wraith (D:10)
  44 yaks
  3 wyverns
  2 vampire mosquitoes (D:10)
  A steam dragon (D:8)
  4 wargs
  An acid dragon (D:10)
  2 water moccasins
  23 orc warriors
  3 black bears
  6 ice beasts
  8 ogres
  3 wolves
  6 centaurs
  2 phantoms
  4 kobold brigands
  11 bullfrogs
  A gnoll sergeant (D:9)
  2 scorpions (D:4)
  15 wights
  A killer bee (D:9)
  2 electric eels
  3 howler monkeys
  A jelly (D:5)
  A gnoll bouda (D:6)
  14 orc priests
  A hound (D:5)
  A sleepcap (D:7)
  Crazy Yiuf (D:7)
  4 iguanas
  17 orc wizards
  6 gnolls
  5 adders
  10 river rats
  A shadow imp (D:6)
  2 white imps (D:7)
  2 worms (D:3)
  4 dart slugs
  76 orcs
  4 ball pythons
  5 endoplasms
  A giant cockroach (D:4)
  4 goblins
  6 hobgoblins
  4 quokkas
  5 bats
  8 frilled lizards
  23 kobolds
  42 rats
459 creatures vanquished.

Vanquished Creatures (others)
  27 fungi
  31 plants
58 creatures vanquished.

Grand Total: 517 creatures vanquished

Notes
Turn   | Place    | Note
-------+----------+-------------------------------------------
     0 | D:1      | Dirian the Minotaur Fighter began the quest for the Orb.
     0 | D:1      | Reached XP level 1. HP: 19/19 MP: 0/0
   142 | D:1      | Reached XP level 2. HP: 27/27 MP: 1/1
   844 | D:2      | Reached XP level 3. HP: 30/33 MP: 2/2
  1068 | D:2      | Found a faded altar of an unknown god.
  1193 | D:2      | Reached skill level 3 in Long Blades
  1479 | D:3      | Reached XP level 4. HP: 40/40 MP: 3/3
  1493 | D:3      | Found a glowing drain.
  1512 | Sewer    | Entered a sewer
  1589 | Sewer    | Reached skill level 4 in Long Blades
  1852 | Sewer    | Reached XP level 5. HP: 47/47 MP: 4/4
  1911 | Sewer    | Reached skill level 5 in Long Blades
  2632 | D:3      | Reached skill level 5 in Armour
  2766 | D:4      | Reached XP level 6. HP: 35/53 MP: 5/5
  2954 | D:4      | Reached skill level 6 in Long Blades
  2960 | D:4      | Reached skill level 5 in Fighting
  2972 | D:4      | Reached XP level 7. HP: 46/61 MP: 6/6
  3426 | D:4      | Gained mutation: You have a somewhat thin skeletal
                  | structure. (Dex +2, Stealth+) [potion of mutation]
  3574 | D:5      | Entered Level 5 of the Dungeon
  3717 | D:5      | Reached skill level 7 in Long Blades
  3720 | D:5      | Found a shadowy altar of Dithmenos.
  3876 | D:5      | Found a blossoming altar of Fedhas.
  3934 | D:5      | Noticed Sigmund
  3945 | D:5      | Killed Sigmund
  4061 | D:6      | Reached skill level 8 in Long Blades
  4098 | D:6      | Reached XP level 8. HP: 66/69 MP: 7/7
  4291 | D:6      | Reached skill level 5 in Shields
  4458 | D:6      | Found a basalt altar of Yredelemnul.
  4511 | D:6      | Reached skill level 9 in Long Blades
  5449 | D:7      | Reached skill level 10 in Long Blades
  5460 | D:7      | Reached XP level 9. HP: 58/78 MP: 8/8
  5778 | D:7      | Found a staircase to the Ecumenical Temple.
  5789 | Temple   | Entered the Ecumenical Temple
  5938 | Temple   | Became a worshipper of Warmaster Okawaru
  6066 | D:7      | Found a runed translucent door.
  6067 | D:7      | Noticed Crazy Yiuf
  6207 | D:7      | Killed Crazy Yiuf
  7479 | D:8      | Reached skill level 1 in Invocations
  7521 | D:8      | Reached * piety under Okawaru
  7522 | D:8      | Reached skill level 11 in Long Blades
  8258 | D:9      | Noticed a cyclops
  8269 | D:9      | Killed a cyclops
  8270 | D:9      | Reached XP level 10. HP: 56/86 MP: 7/10
  8372 | D:9      | Reached skill level 10 in Armour
  8671 | D:9      | Reached ** piety under Okawaru
  8672 | D:9      | Reached skill level 12 in Long Blades
  8861 | D:9      | Noticed an obsidian statue
  9244 | D:9      | Found a shimmering blue altar of Sif Muna.
  9244 | D:9      | Found a shimmering altar of Xom.
  9494 | D:10     | Entered Level 10 of the Dungeon
  9773 | D:10     | Got the Handbook of Assistive Fulmination
  9925 | D:10     | Reached *** piety under Okawaru
 10254 | D:10     | Reached skill level 13 in Long Blades
 10260 | D:10     | Reached XP level 11. HP: 65/95 MP: 10/13
 10365 | D:10     | Reached skill level 5 in Invocations
 10519 | D:10     | Found a staircase to the Lair.
 10964 | D:10     | Reached **** piety under Okawaru
 11002 | D:10     | Found a staircase to the Orcish Mines.
 11068 | Lair:1   | Entered Level 1 of the Lair of Beasts
 11839 | Lair:1   | You fall into a shaft and drop 1 floor!
 11847 | Lair:2   | Noticed a skyshark
 12390 | Lair:2   | Identified the +9 flail of Spores {venom, Dex+3}
 12399 | Lair:2   | Found a hole to the Spider Nest.
 12399 | Lair:2   | Noticed an orb spider
 12633 | Lair:2   | Killed a skyshark
 12854 | Lair:2   | Found a runed translucent gate.
 12854 | Lair:2   | Found a runed translucent gate.
 12855 | Lair:2   | Found a runed translucent gate.
 12856 | Lair:2   | Noticed Resasar's ghost (journeyman NaTm)
 12887 | Lair:2   | Reached skill level 14 in Long Blades
 12888 | Lair:2   | Reached ***** piety under Okawaru
 13012 | Lair:2   | Reached skill level 10 in Fighting
 13309 | Lair:3   | Found a staircase to the Shoals.
 13395 | Lair:3   | Reached XP level 12. HP: 87/106 MP: 12/15
 13567 | Lair:3   | Received a gift from Okawaru
 13578 | Lair:3   | HP: 5/107 [poisoned by a cane toad]
 13971 | Lair:3   | Noticed a seven-headed hydra
 13985 | Lair:3   | Killed a four-headed hydra
 14357 | Lair:3   | Received a gift from Okawaru
 14778 | Lair:4   | Reached skill level 15 in Long Blades
 14899 | Lair:4   | Noticed Nessos
 15186 | Orc:1    | Entered Level 1 of the Orcish Mines
 15293 | Orc:1    | Noticed Maurice
 15303 | Orc:1    | Killed Maurice
 15339 | Orc:1    | Noticed a two-headed ogre
 15383 | Orc:1    | Killed a two-headed ogre
 15497 | Orc:1    | Noticed an orc high priest
 15524 | Orc:1    | Killed an orc high priest
 15672 | Orc:2    | Entered Level 2 of the Orcish Mines
 15672 | Orc:2    | Noticed an ettin
 15672 | Orc:2    | Found a staircase to the Elven Halls.
 15672 | Orc:2    | Found Ifuosyus's Book Shoppe.
 15690 | Orc:2    | Noticed an ettin
 15690 | Orc:2    | Found Oritot's General Store.
 15702 | Orc:1    | Killed an ettin
 16224 | Orc:2    | Reached XP level 13. HP: 104/118 MP: 15/18
 16309 | Orc:2    | Received a gift from Okawaru
 16379 | Orc:2    | Noticed an orc warlord
 16390 | Orc:2    | Noticed an ettin
 16625 | Orc:2    | Found Kopet's Antique Armour Shop.
 16625 | Orc:2    | Noticed a stone giant
 16643 | Orc:2    | Killed a stone giant
 16644 | Orc:2    | Reached skill level 10 in Shields
 16824 | Orc:2    | Killed an ettin
 16912 | Orc:2    | Killed an orc warlord
 16929 | Orc:2    | Reached skill level 1 in Throwing
 16929 | Orc:2    | Noticed an orc warlord
 16932 | Orc:2    | Found Lohaet's Antique Weapon Emporium.
 17101 | Orc:2    | Killed an ettin
 17141 | Orc:1    | Received a gift from Okawaru
 17506 | Orc:1    | Killed an orc warlord
 17508 | Orc:1    | HP: 6/183 [poisoned by an orc warlord]
 17509 | Orc:1    | HP: 1/122 [poisoned by an orc warlord]
 17514 | Orc:1    | HP: 5/122 [poisoned by an orc warlord]
 18194 | Orc:2    | Bought a potion of heal wounds for 65 gold pieces
 18194 | Orc:2    | Bought a potion of curing for 39 gold pieces
 18194 | Orc:2    | Bought a scroll of enchant weapon for 97 gold pieces
 18194 | Orc:2    | Bought a potion of heal wounds for 65 gold pieces
 18566 | Lair:4   | Shot with an arrow by Nessos

Illustrated notes

Levels and vault maps discovered:
D:1:      nzn_arrival_settlement, layout_basic
D:2:      layout_loops_ring, ebering_ecumenical_altar_sacrificial
D:3:      layout_basic, portal_sewer_entry_e, minmay_rat_hole
D:4:      layout_basic, serial_glass, glass_columns_b, glass_columns_a,
          glass_columns_c, glass_columns_b, glass_columns_a, glass_columns_a,
          due_unseen_surprise, feat_on_display, feat_on_display,
          item_on_display_a, serial_bayou_pond_e
D:5:      layout_rooms, mainiacjoe_overflow_big_doors, uniq_sigmund
D:6:      layout_basic, nicolae_overflow_hidden_temple,
          nicolae_elevator_lobby_asterisk
D:7:      layout_basic, minmay_temple_entry_junction, uniq_crazy_yiuf_cottage
D:8:      layout_layer_cave, st_stairs_14
D:9:      layout_roguey, jmf_multi_god_temple, minivault_16
D:10:     layout_layer_cave, hellmonk_lair_entry_icy, hiddenorc1_lemuel,
          nicolae_figureground_sparkle
Temple:   bh_familiar_temple
Lair:1:   layout_regular_city, wad_woods_river_01
Lair:2:   layout_cave_shapes, nicolae_spider_entry_orb_guardian,
          gammafunk_ghost_necromancy, infiniplex_staircase_pool,
          grunt_megastairs_2
Lair:3:   layout_roguey, minmay_shoals_entry_centaurs
Lair:4:   layout_regular_city, dpeg_slime_entry_enclosed, beast_lair_carwin_5,
          uniq_nessos
Orc:1:    layout_caves, bh_open_orc_temple, uniq_maurice
Orc:2:    grunt_orc_gardens, layout_diamond_mine, grunt_orc_garden,
          grunt_orc_garden, grunt_orc_garden, grunt_orc_garden

Skill      XL: |  1  2  3  4  5  6  7  8  9 10 11 12 13 |
---------------+----------------------------------------+-----
Armour         | 4 5 6 8 9 11 12 13 14 | 14.0
Fighting       | 4 5 6 7 8 10 12 13 | 13.5
Shields        | 4 5 6 7 8 9 10 | 10.5
Long Blades    | 3 4 5 6 8 10 11 13 14 15 | 15.0
Invocations    | 2 4 6 8 9 |  9.0
Throwing       | 1 |  1.7

Action                     |  1- 3 |  4- 6 |  7- 9 | 10-12 | 13-15 || total
---------------------------+-------+-------+-------+-------+-------++-------
  Melee: Long sword        |   105 |   165 |   324 |   211 |       ||   805
         Headbutt          |     6 |    25 |    65 |   219 |    60 ||   375
         Scimitar          |       |       |       |   641 |   275 ||   916
         Falchion          |       |       |       |     5 |       ||     5
  Throw: Boomerang         |       |       |       |     4 |     8 ||    12
 Invoke: Heroism           |       |       |     2 |    25 |    11 ||    38
         Finesse           |       |       |       |       |     1 ||     1
    Use: Scroll            |     5 |    14 |     4 |    11 |     3 ||    37
         Potion            |       |       |     6 |     7 |     8 ||    21
 Armour: Scale mail        |    47 |    56 |     3 |       |       ||   106
         Chain mail        |       |       |   137 |   360 |   104 ||   601
         Skin              |       |       |     3 |       |       ||     3
         Plate armour      |       |       |       |       |    69 ||    69
  Dodge: Dodged            |    45 |    55 |    76 |   262 |   110 ||   548
  Block: Buckler           |    20 |    32 |    71 |   220 |   109 ||   452

Table legend: (Time is in decaauts)
 A = Elapsed time spent in this place.
 B = Non-inter-level travel time spent in this place.
 C = Inter-level travel time spent in this place.
 D = Time resting spent in this place.
 E = Time spent auto-exploring this place.
 F = Levels seen in this place.
 G = Mean time per level.
                   A        B        C        D        E       F      G
               +--------+--------+--------+--------+--------+-----+--------+
         Total |  18453 |  17679 |    774 |   3222 |   9179 |  18 | 1025.2 |
       Dungeon |  10544 |  10037 |    507 |    475 |   7093 |  10 | 1054.4 |
        Temple |    184 |    150 |     34 |      0 |    107 |   1 |  184.0 |
          Lair |   4010 |   3834 |    176 |   1114 |   1339 |   4 | 1002.5 |
  Orcish Mines |   3212 |   3155 |     57 |   1633 |    365 |   2 | 1606.0 |
         Sewer |    501 |    501 |      0 |      0 |    274 |   1 |  501.0 |
               +--------+--------+--------+--------+--------+-----+--------+

Top non-repeatable levels by time:
   Orc:1: 1975 daAuts
     D:8: 1774 daAuts
    D:10: 1661 daAuts
     D:9: 1382 daAuts
     D:7: 1252 daAuts
   Orc:2: 1236 daAuts
  Lair:3: 1161 daAuts
  Lair:1: 1139 daAuts
  Lair:2: 1122 daAuts
     D:3: 918 daAuts
     D:4: 877 daAuts
     D:6: 805 daAuts
     D:1: 729 daAuts
     D:2: 663 daAuts
  Lair:4: 585 daAuts
